 Dungeon Crawl Stone Soup version 0.23-a0-666-g28d4f2f0af (webtiles) character file.

499 LLavrengius the Sneak (level 7, -2/46 HPs)
             Began as an Octopode Fighter on Jan 8, 2019.
             Was an Initiate of Gozag.
             Slain by a centaur (7 damage)
             ... on level 5 of the Dungeon.
             The game lasted 00:12:48 (4215 turns).

LLavrengius the Sneak (Octopode Fighter)            Turns: 4215, Time: 00:12:50

Health: -2/46      AC:  1    Str: 16    XL:     7   Next: 16%
Magic:  7/7        EV: 12    Int: 12    God:    Gozag
Gold:   492        SH:  9    Dex: 13    Spells: 6/6 levels left

rFire    . . .     SeeInvis .   a - +1 rapier
rCold    . . .     Gourm    .   b - +0 shield
rNeg     . . .     Faith    .   (helmet restricted)
rPois    .         Spirit   .   (no amulet)
rElec    .         Reflect  .   n - ring of wizardry
rCorr    .         Harm     .   z - +2 ring of dexterity
MR       .....                  (no ring)
Stlth    ++++......             (no ring)
HPRegen  0.15/turn              (no ring)
MPRegen  0.10/turn              (no ring)
                                (no ring)
                                (no ring)

@: lethally poisoned (-2 -> -5)
A: almost no armour, stealthy swim, amphibious, 8 rings, constrict 8, camouflage
1, gelatinous body 1
a: Potion Petition, Call Merchant, Bribe Branch, Renounce Religion


You were on level 5 of the Dungeon.
You worshipped Gozag.
Gozag was aware of your devotion.
You were not hungry.

You visited 2 branches of the dungeon, and saw 6 of its levels.
You also visited: Ossuary.

You collected 556 gold pieces.
You paid 64 gold pieces to Gozag.

Inventory:

Hand Weapons
 a - a +1 rapier (weapon)
 k - a +0 hunting sling
 y - a +0 dagger of freezing
Missiles
 f - 7 tomahawks (quivered)
 l - 225 stones
Armour
 b - a +0 shield (worn)
 e - a +0 buckler
 i - a +0 large shield
Jewellery
 n - a ring of wizardry (left tentacle)
 z - a +2 ring of dexterity (right tentacle)
Wands
 c - a wand of acid (5)
 q - a wand of polymorph (3)
 u - a wand of flame (19)
Scrolls
 h - a scroll of fog
 o - a scroll of fear {unknown}
 w - 3 scrolls of remove curse
 x - a scroll of enchant armour {unknown}
 C - a scroll of enchant weapon
Potions
 g - 4 potions of flight
 j - 4 potions of brilliance
 m - a potion of haste
 r - 2 potions of mutation
 s - a potion of heal wounds
 t - 2 potions of resistance
 v - a potion of might
 A - a potion of curing
 B - a potion of degeneration {unknown}
 D - a potion of lignification {unknown}
 E - 2 potions of magic
Comestibles
 d - 8 rations


   Skills:
 + Level 3.0 Fighting
 + Level 5.5 Short Blades
 - Level 3.0 Dodging
 + Level 7.1 Stealth
 + Level 3.0 Shields


You had 6 spell levels left.
You didn't know any spells.
Your spell library was empty.

Dungeon Overview and Level Annotations

Branches:
Dungeon (5/15)             Temple (1/1) D:4

Altars:
Gozag
Hepliaklqana
Kikubaaqudgha
Nemelex Xobeh
Ru
Sif Muna
Wu Jian
Xom
The Shining One


Innate Abilities, Weirdness & Mutations

You cannot wear most types of armour.
You are very stealthy in the water. (Stealth+)
You are amphibious.
You can wear up to eight rings at the same time.
You can use your tentacles to constrict eight enemies at once.
Your skin changes colour to match your surroundings (Stealth+).
Your rubbery body absorbs attacks. (AC +1, EV +1)


Message History

You see here 2 arrows.
The hound bites you.
The centaur unwields a +0 shortbow.
The centaur barely misses you. The hound bites you.
You hit the centaur.
The centaur is moderately wounded.
You block the centaur's attack. The hound bites you.
You are too injured to fight recklessly!
You barely miss the hound. Your grab misses the hound. The centaur hits you.
* * * LOW HITPOINT WARNING * * *
The hound bites you.
* * * LOW HITPOINT WARNING * * *
The centaur closely misses you. The hound closely misses you.
You closely miss the centaur.
The centaur is moderately wounded.
You block the centaur's attack. The hound misses you. The adder bites you.
* * * LOW HITPOINT WARNING * * *
You are poisoned.
The adder poisons you! The centaur hits you!
You die...
Your body crumbles into a pile of gold.

............
#...........
#..!........
#.#.........
#.#.........
##.#.........
##>$#.#......#
#...((h$..?...
#....@........
##...?Sc.......
##..............
.............<..
.................
........<........
..##.............
#########.....
.....


You could see a centaur, a hound and an adder.

Vanquished Creatures
  An ogre (D:4)
  An orc wizard (D:4)
  2 bullfrog skeletons (D:4)
  A centaur skeleton (D:4)
  Ijyb (D:3)
  An iguana (D:4)
  8 mummies (Ossuary)
  5 adders
  2 oozes
  A worm (D:3)
  A dart slug (D:4)
  2 leopard geckos (D:1)
  6 orcs
  A giant cockroach (D:3)
  2 gnoll zombies (Ossuary)
  7 goblins
  8 hobgoblins
  10 jackals
  3 ball pythons
  3 bats (D:2)
  4 frilled lizards
  2 hobgoblin zombies (Ossuary)
  12 kobolds
  A leopard gecko skeleton (D:4)
  4 orc zombies (Ossuary)
  A quokka skeleton (D:4)
  4 rats
94 creatures vanquished.

Notes
Turn   | Place    | Note
-------+----------+-------------------------------------------
     0 | D:1      | LLavrengius the Octopode Fighter began the quest for the
                  | Orb.
     0 | D:1      | Reached XP level 1. HP: 16/16 MP: 1/1
   255 | D:1      | Reached skill level 1 in Stealth
   631 | D:1      | Reached XP level 2. HP: 2/21 MP: 2/2
   667 | D:1      | Reached skill level 2 in Stealth
  1098 | D:2      | Reached XP level 3. HP: 12/26 MP: 3/3
  1382 | D:2      | Found a sacrificial altar of Ru.
  1389 | D:2      | Reached skill level 3 in Stealth
  1862 | D:2      | Reached XP level 4. HP: 31/31 MP: 4/4
  2181 | D:3      | Noticed Ijyb
  2187 | D:3      | Killed Ijyb
  2187 | D:3      | Reached skill level 4 in Stealth
  2808 | D:3      | Reached XP level 5. HP: 36/36 MP: 5/5
  2981 | D:4      | Noticed an ogre
  2990 | D:4      | Killed an ogre
  2990 | D:4      | Reached skill level 5 in Stealth
  2990 | D:4      | Reached XP level 6. HP: 41/42 MP: 6/6
  3049 | D:4      | Reached skill level 6 in Stealth
  3137 | D:4      | Reached skill level 5 in Short Blades
  3170 | D:4      | Found a staircase to the Ecumenical Temple.
  3183 | Temple   | Entered the Ecumenical Temple
  3191 | Temple   | Became a worshipper of Gozag Ym Sagoz the Greedy
  3371 | D:4      | Found a sand-covered staircase.
  3375 | Ossuary  | Entered an ossuary
  3464 | Ossuary  | Reached XP level 7. HP: 46/46 MP: 7/7
  3473 | Ossuary  | Reached skill level 7 in Stealth
  4081 | D:4      | Found a glowing golden altar of the Shining One.
  4091 | D:4      | Found a hazy altar of Hepliaklqana.
  4193 | D:5      | Entered Level 5 of the Dungeon
  4215 | D:5      | Slain by a centaur

Vault maps used:
D:1:      shiori_shiawase, serial_bayou_pond_b
D:2:      hangedman_ru_absence
D:3:      uniq_ijyb
D:4:      amethyst_overflow_temple_binary, minmay_temple_entry_overgrown,
          nicolae_ossuary_entry_plus, first_ration, st_stairs_10,
          chequers_serial_rivers_large_a
D:5:      serial_shops, kennysheep_mini, shop, shop,
          chequers_serial_rivers_marsh, uniq_duvessa
Temple:   regret_index_temple_mists
Ossuary:  ossuary_tomb_3

Skill      XL: |  1  2  3  4  5  6  7 |
---------------+----------------------+-----
Stealth        | 1 2 3 4 5 6 7 |  7.1
Short Blades   | 3 4 5 |  5.5
Fighting       | |  3.0
Dodging        | |  3.0
Shields        | |  3.0

Action                   |  1- 3 |  4- 6 |  7- 9 || total
-------------------------+-------+-------+-------++-------
Melee: Rapier            |    58 |   105 |    23 ||   186
       Tentacles         |    11 |    23 |     5 ||    39
       Constrict         |    11 |    28 |     7 ||    46
Throw: Tomahawk          |       |     8 |       ||     8
  Use: Scroll            |       |    12 |     2 ||    14
       Potion            |       |     1 |       ||     1
 Stab: Sleeping          |     9 |     9 |     2 ||    20
       Distracted        |       |     1 |       ||     1
  Eat: Chunk             |     3 |     4 |       ||     7
       Ration            |       |       |     1 ||     1
Armor: Skin              |     2 |     1 |     1 ||     4
Dodge: Dodged            |    19 |    29 |    19 ||    67
Block: Shield            |    26 |    36 |    11 ||    73

Table legend:
 A = Non-vault XP
 B = Vault XP
 C = Vault XP percentage of total XP
 D = Non-vault monster count
 E = Vault monster count
 F = Vault count percentage of total count
                 A         B        C        D         E       F
            +---------+---------+-------+---------+---------+-------
      Total |     430 |     284 |  39.8 |      70 |      24 |  25.5
            +---------+---------+-------+---------+---------+-------
        D:1 |      10 |      10 |  50.0 |       7 |       5 |  41.7
        D:2 |      70 |       0 |   0.0 |      23 |       0 |   0.0
        D:3 |      42 |      38 |  47.5 |      17 |       1 |   5.6
        D:4 |     281 |      81 |  22.4 |      21 |       2 |   8.7
        D:5 |      27 |       0 |   0.0 |       2 |       0 |   0.0
    Ossuary |       0 |     155 | 100.0 |       0 |      16 | 100.0
            +---------+---------+-------+---------+---------+-------
